 Dungeon Crawl Stone Soup version 0.30-a0-122-g2a1322497e (webtiles) character file.

Game seed: 3192016043739664406

27 ragingrage the Poker (level 2, -1/24 HPs)
             Began as a Demonspawn Monk on Sept 16, 2022.
             Killed from afar by Natasha (6 damage)
             ... with a magic dart
             ... on level 2 of the Dungeon.
             The game lasted 00:01:33 (984 turns).

ragingrage the Poker (Demonspawn Monk)               Turns: 984, Time: 00:01:33

Health: -1/24      AC:  2    Str: 11    XL:     2   Next: 93%
Magic:  2/2        EV: 12    Int: 11    God:
Gold:   39         SH:  0    Dex: 15    Spells: 1/1 levels left

rFire   . . .      SeeInvis .    a - +0 spear
rCold   . . .      Faith    .    (no shield)
rNeg    . . .      Spirit   .    g - +0 robe
rPois   .          Reflect  .    (no helmet)
rElec   .          Harm     .    (no cloak)
rCorr   .          Rampage  .    (no gloves)
Will    .....                    (no boots)
Stlth   ++........               (no amulet)
HPRegen 0.08/turn                (no ring)
MPRegen 0.08/turn                (no ring)

@: no status effects
A: hooves 1
a: no special abilities


You were on level 2 of the Dungeon.
You visited 1 branch of the dungeon, and saw 2 of its levels.

You collected 39 gold pieces.

Inventory:

Hand Weapons
 a - a +0 spear (weapon)
 b - a +0 longbow
Armour
 g - a +0 robe (worn)
Scrolls
 e - a scroll of identify {unknown}
 f - a scroll of enchant weapon {unknown}
Potions
 c - a potion of ambrosia


   Skills:
 + Level 3.2 Fighting
 - Level 3.6 Polearms
 - Level 2.6 Dodging
 - Level 1.7 Stealth


You had one spell level left.
You didn't know any spells.
Your spell library was empty.

Dungeon Overview and Level Annotations

Branches:
Dungeon (2/15)

Altars:

Annotations:
D:1 exclusion: downstairs
D:2 Natasha, Sigmund


Innate Abilities, Weirdness & Mutations

You have large cloven feet.


Message History

You kill the endoplasm!
You hear a shout!
a - a +0 spear (weapon)
No target in view!
No target in view!
A kobold is nearby!
b - a +0 longbow (weapon)
You shoot an arrow. The arrow hits the kobold!
You kill the kobold!
You hear an angry hiss.
Natasha, Servant of Life and Death comes into view.
Natasha hisses angrily.
Natasha casts a spell at you. The magic dart hits you!
Natasha is nearby!
a - a +0 spear (weapon)
It was a potion of curing.
You feel better.
Reach: a) +0 spear
Press: ? - help, Dir - move target, f - Natasha
Aim: Natasha (about 44% to evade your +0 spear)
You reach to attack!
You hit Natasha.
Natasha is moderately wounded.
Natasha claws you!
Reach: a) +0 spear
Press: ? - help, Dir - move target, f/p - Natasha
Aim: Natasha (moderately wounded, about 44% to evade your +0 spear)
You hit Natasha. Your kick misses Natasha.
Natasha is heavily wounded.
You barely miss Natasha. Your kick misses Natasha.
Natasha is heavily wounded.
Natasha closely misses you.
You barely miss Natasha. Your kick misses Natasha.
Natasha is heavily wounded.
Natasha claws you.
* * * LOW HITPOINT WARNING * * *
You hit Natasha. Your kick misses Natasha.
Natasha is severely wounded.
Natasha stares at you and mumbles some strange words.
The magic dart hits you.
You die...

.# . .. ...
#.# ###.#
#..
###....#...
#...# .#.#
##.### .).
##..####.#
#....##..#
#.##..@#.#
#.####h#.h.
####.#
#.#.#...
#....#
#...##.##
##.#.#
###.. ...
#.#.# #.
#.# #.#.#
## .. #.#.#
#<#.#


You could see Natasha.

Vanquished Creatures
  4 ball pythons (D:1)
  4 endoplasms
  3 goblins (D:1)
  3 hobgoblins (D:1)
  6 bats (D:1)
  A frilled lizard (D:1)
  2 kobolds
  2 rats (D:1)
25 creatures vanquished.

Notes
Turn   | Place    | Note
-------+----------+-------------------------------------------
     0 | D:1      | ragingrage the Demonspawn Monk began the quest for the Orb.
     0 | D:1      | Reached XP level 1. HP: 18/18 MP: 1/1
   121 | D:1      | Gained mutation: You have large cloven feet. [demonic
                  | ancestry]
   121 | D:1      | Reached XP level 2. HP: 24/24 MP: 2/2
   784 | D:2      | Noticed Sigmund
   976 | D:2      | Noticed Natasha
   984 | D:2      | Killed from afar by Natasha

Illustrated notes

Levels and vault maps discovered:
D:1:      scummos_arrival_star, layout_rooms
D:2:      layout_basic, basic_altar, serial_shops, shop,
          minmay_misc_feat_ornament, nicolae_concentric_dashed_squares_mild,
          chequers_serial_rivers_micro_a, interstate_on_off, uniq_sigmund,
          uniq_natasha

Skill      XL: |  1 |
---------------+----+-----
Polearms       | 3 |  3.6
Fighting       | |  3.2
Dodging        | |  2.6
Stealth        | |  1.7

Action                   || total
-------------------------++-------
Melee: Spear             ||    89
       Punch             ||     1
       Kick              ||     7
 Fire: Longbow           ||     4
  Use: Potion            ||     1
 Stab: Sleeping          ||     2
Armor: Robe              ||    16
Dodge: Dodged            ||    57

Table legend: (Time is in decaauts)
 A = Elapsed time spent in this place.
 B = Non-inter-level travel time spent in this place.
 C = Inter-level travel time spent in this place.
 D = Time resting spent in this place.
 E = Time spent auto-exploring this place.
 F = Levels seen in this place.
 G = Mean time per level.
                   A        B        C        D        E       F      G
               +--------+--------+--------+--------+--------+-----+--------+
         Total |    978 |    929 |     49 |    210 |    500 |   2 |  489.0 |
       Dungeon |    978 |    929 |     49 |    210 |    500 |   2 |  489.0 |
               +--------+--------+--------+--------+--------+-----+--------+

Top non-repeatable levels by time:
     D:1: 793 daAuts
     D:2: 185 daAuts
